 Dungeon Crawl Stone Soup version 0.21-a0-442-g848f44b (console) character file.

28 zero the Chopper (level 3, 0/23 HPs)
             Began as a Gargoyle Berserker on Nov 14, 2017.
             Was a Follower of Trog.
             Slain by a phantom (5 damage)
             ... on level 2 of the Dungeon.
             The game lasted 00:00:43 (1215 turns).

zero the Chopper (Gargoyle Berserker)               Turns: 1215, Time: 00:00:44

Health: 0/23       AC:  8    Str: 21    XL:     3   Next: 12%
Magic:  3/3        EV: 11    Int:  7    God:    Trog [*.....]
Gold:   35         SH:  0    Dex:  9    Spells: 2/2 levels left

rFire    . . .     SeeInvis .   Y - +0 hand axe
rCold    . . .     Gourm    .   (no shield)
rNeg     + . .     Faith    .   e - +0 ring mail
rPois    ∞         Spirit   .   (no helmet)
rElec    +         Reflect  .   (no cloak)
rCorr    .         Harm     .   (no gloves)
MR       .....                  (no boots)
Stlth    ..........             (no amulet)
HPRegen  0.07/turn              (no ring)
MPRegen  0.08/turn              (no ring)

@: berserk cooldown, slowed, very slow
A: negative energy resistance 1, electricity resistance, unbreathing,
petrification resistance, rot immunity, AC +3
a: Berserk, Burn Spellbooks, Renounce Religion


You were on level 2 of the Dungeon.
You worshipped Trog.
Trog was aware of your devotion.
You were very hungry.

You visited 1 branch of the dungeon, and saw 2 of its levels.

You collected 35 gold pieces.


Innate Abilities, Weirdness & Mutations

You are resistant to torment.
Your stone body is resilient. (AC +3)
You are immune to poison.
You resist negative energy. (rN+)
You are resistant to electric shocks. (rElec)
You can survive without breathing.
You are immune to petrification.
You are immune to rotting.


   Skills:
 - Level 3.2 Fighting
 + Level 3.8 Axes
 - Level 2.1 Armour
 - Level 1.5 Dodging


You had 2 spell levels left.
You didn't know any spells.

Inventory:

Hand Weapons
 i - a +0 mace
 Y - a +0 hand axe (weapon)
Armour
 e - a +0 ring mail (worn)
Jewellery
 h - an uncursed amulet of rage {unknown}
Scrolls
 a - a scroll of remove curse
 b - a scroll of recharging {unknown}
 d - a scroll of enchant armour {unknown}
Comestibles
 c - 3 bread rations
 f - a meat ration

Dungeon Overview and Level Annotations

Branches:
Dungeon (2/15)

Altars:


Message History

You feel a strong urge to attack something.
You feel your anger nearly subside.
You are no longer berserk.
You are exhausted.
You feel yourself slow down.
You closely miss the phantom.
The phantom is lightly damaged.
The phantom closely misses you.
You hit the phantom.
The phantom is moderately damaged.
The phantom hits you.
The phantom hits you but does no damage.
You hit the phantom.
The phantom is moderately damaged.
The phantom hits you but does no damage.
The phantom hits you.
The phantom blinks!
There is a stone staircase leading up here.
You barely miss the phantom.
The phantom is lightly damaged.
The phantom closely misses you. The phantom hits you.
You die...

#..........#
#....<.....#
#######..........#
#.....##.%......##
#...>............#
#####................#
.....................#
#####...............#
# ####.........).....#
###..).....#....W...##
##..##..#..##...@..##
...###..#...####....#
.........#.... #....#
...#.#.#.#.##.......#
...#...#.#.. ###....#
...##..... #. #....(
....#.###.. #......
....#.# . #....#.#
.#...=. .#.##.. .. #


You could see a phantom.

Vanquished Creatures
  A dart slug (D:2)
  A leopard gecko (D:2)
  A ball python (D:1)
  3 giant cockroaches
  6 goblins
  2 hobgoblins (D:1)
  A bat (D:2)
  2 frilled lizards (D:1)
  3 kobolds
  4 rats
24 creatures vanquished.

Notes
Turn   | Place    | Note
-------+----------+-------------------------------------------
     0 | D:1      | zero the Gargoyle Berserker began the quest for the Orb.
     0 | D:1      | Reached XP level 1. HP: 14/14 MP: 1/1
     0 | D:1      | 0 ||| counter = 6
   277 | D:1      | Reached skill level 3 in Axes
   355 | D:1      | Reached XP level 2. HP: 19/19 MP: 2/2
   474 | D:1      | 474 ||| DROPPING club.
   643 | D:1      | 643 ||| Stepping ~*~*~tactically~*~*~ (water).
  1001 | D:1      | 1001 ||| UPGRADING to ring mail.
  1011 | D:1      | 1011 ||| DROPPING +0 animal skin.
  1012 | D:1      | 1012 ||| READING scroll labeled YHUITR IRGHENECI.
  1051 | D:2      | 1051 ||| UPGRADING to mace.
  1052 | D:2      | 1052 ||| SWAPPING to +0 hand axe.
  1146 | D:2      | Noticed a phantom
  1152 | D:2      | Reached XP level 3. HP: 23/23 MP: 3/3
  1199 | D:2      | 1199 ||| INVOKING Berserk.
  1207 | D:2      | HP: 4/23 [phantom (2)]
  1215 | D:2      | Slain by a phantom

Vault maps used:
D:1:      giann_horns, serial_bayou_lake_a
D:2:      cheibriados_altar_1

Skill      XL: |  1 |
---------------+----+-----
Axes           | 3 |  3.8
Fighting       | |  3.2
Armour         | |  2.1
Dodging        | |  1.5

Action                   || total
-------------------------++-------
Melee: Hand axe          ||    76
Invok: Berserk           ||     1
  Use: Scroll            ||     1
  Eat: Chunk             ||     1
Armor: Animal skin       ||     6
       Ring mail         ||     9
Dodge: Dodged            ||    40

Table legend:
 A = Spawn XP
 B = Non-spawn XP
 C = Spawn XP percentage of total XP
 D = Spawn monster count
 E = Non-spawn monster count
 F = Spawn count percentage of total count
 G = Total turns spent on level
                    A         B        C        D         E        F      G
               +---------+---------+-------+---------+---------+-------+---------
         Total |       0 |      40 |   0.0 |       0 |      24 |   0.0 |  1215
               +---------+---------+-------+---------+---------+-------+---------
           D:1 |       0 |      24 |   0.0 |       0 |      16 |   0.0 |  1033
           D:2 |       0 |      16 |   0.0 |       0 |       8 |   0.0 |   182
               +---------+---------+-------+---------+---------+-------+---------
